 Dungeon Crawl Stone Soup version 0.18.1-8-gdd0e5ea (webtiles) character file.

196 Implojin the Insei (level 5, -6/41 HPs)
             Began as a Mummy Monk on May 22, 2016.
             Killed from afar by an orc wizard (8 damage)
             ... with a magic dart
             ... on level 4 of the Dungeon.
             The game lasted 00:09:34 (4970 turns).

Implojin the Insei (Mummy Monk)                     Turns: 4970, Time: 00:09:35

Health: -6/41      AC:  1    Str: 15    XL:     5   Next: 46%
Magic:  5/5        EV: 12    Int:  9    God:
Gold:   159        SH:  3    Dex: 15    Spells: 0 memorised, 4 levels left

rFire  . . .     SeeInvis .       - Unarmed
rCold  . . .     Gourm    .     (no armour)
rNeg   + + +     Faith    .     e - +0 buckler
rPois  ∞         Spirit   .     (no helmet)
rElec  .         Dismiss  .     (no cloak)
rCorr  .         Reflect  .     c - +0 pair of gloves
SustAt .         Harm     .     (no boots)
MR     .....                    (no amulet)
Stlth  ++........               (no ring)
                                k - ring of fire

@: not resistant to hostile enchantments, unstealthy
A: no food or potions, fire vulnerability, cold resistance 1, negative energy
resistance 3, torment resistance, unbreathing
a: no special abilities


You were on level 4 of the Dungeon.
You were not hungry.

You visited 1 branch of the dungeon, and saw 4 of its levels.
You also visited: Ossuary.

You collected 159 gold pieces.

Inventory:

Armour
 c - a +0 pair of gloves (worn)
 e - a +0 buckler (worn)
Jewellery
 k - a ring of fire (left hand)
Scrolls
 b - a scroll of enchant weapon {unknown}
 d - a scroll of identify {unknown}
 f - a scroll of amnesia
 h - a scroll of remove curse {unknown}
 i - a scroll of enchant armour {unknown}
 l - a scroll of fear {unknown}
Comestibles
 g - a royal jelly (quivered)
 j - 3 bread rations


   Skills:
 - Level 3.0 Fighting
 - Level 2.4 Dodging
 - Level 1.5 Stealth
 * Level 5.6 Unarmed Combat


You had 4 spell levels left.
You didn't know any spells.

Dungeon Overview and Level Annotations

Branches:
Dungeon (4/15)
 Temple: D:4-7

Altars:
Yredelemnul

Annotations:
D:3 Sigmund


Innate Abilities, Weirdness & Mutations

You do not eat or drink.
Your flesh is vulnerable to fire.
You are immune to poison.
Your flesh is cold resistant.
You are immune to negative energy.
You are immune to unholy pain and torment.
You can survive without breathing.


Message History

The puff of frost hits you!
A howler monkey zombie comes into view.
You punch the decayed bog body!
The decayed bog body is heavily damaged.
The decayed bog body hits you!!
Ouch! That really hurt!
* * * LOW HITPOINT WARNING * * *
The decayed bog body touches you.
* * * LOW HITPOINT WARNING * * *
The decayed bog body freezes you.
* * * LOW HITPOINT WARNING * * *
Read which item? (? for menu, Esc to quit)
Okay, then.
You hit the decayed bog body but do no damage.
The decayed bog body is heavily damaged.
You block the decayed bog body's attack.
The decayed bog body touches you but does no damage.
Read which item? (? for menu, Esc to quit)
Okay, then.
You can't eat.
Unknown command.
Unknown command.
Read which item? (? for menu, Esc to quit)
Okay, then.
A worker ant zombie comes into view.
There is an empty arch of ancient stone here.
There is a gate leading back out of this place here.
The decayed bog body points at you and mumbles some strange words.
The puff of frost hits you!
* * * LOW HITPOINT WARNING * * *
Welcome back to the Dungeon!
The quokka closely misses you. The orc completely misses you.
The orc hits you with a dagger.
* * * LOW HITPOINT WARNING * * *
The quokka completely misses you.
There is a collapsed entrance here.
The decayed bog body casts a spell at you.
You resist with some effort. The orc barely misses you.
The orc wizard casts a spell at you. The magic dart hits you!
You die...

..o.... ....... .
...##.. .. .....# ....
.....# #.... .....#
##### #.... .....# #....
#....####...# ##.##
#.....@.no..## #.##
......'oo.....# #...
##....#r.....## #.##
Zo....Z.......# #...
##.....o...#### #.##
..............# #..#
...##......#### #...
..........###########..#
.........#...##......#


You could see a decayed bog body, 2 orc wizards, 3 orcs, a rat zombie, a quokka
and a quokka skeleton.

Vanquished Creatures
  An orc wizard (D:4)
  Ijyb (D:2)
  4 adders
  2 oozes (D:3)
  An adder skeleton (D:4)
  2 dart slugs
  3 worms
  2 giant geckos (D:2)
  6 orcs
  3 ball pythons
  9 bats
  2 giant cockroaches (D:1)
  4 goblins
  7 hobgoblins
  8 jackals
  6 kobolds
  A quokka (D:3)
  3 giant newts
  9 rats
74 creatures vanquished.

Vanquished Creatures (others)
  A withered plant (Ossuary)
1 creature vanquished.

Grand Total: 75 creatures vanquished

Notes
Turn   | Place    | Note
--------------------------------------------------------------
     0 | D:1      | Implojin the Mummy Monk began the quest for the Orb.
     0 | D:1      | Reached XP level 1. HP: 18/18 MP: 1/1
   192 | D:1      | Reached XP level 2. HP: 9/24 MP: 2/2
   884 | D:1      | Reached skill level 4 in Unarmed Combat
  1369 | D:2      | Reached XP level 3. HP: 14/29 MP: 3/3
  1906 | D:2      | Noticed Ijyb
  2126 | D:2      | Killed Ijyb
  2126 | D:2      | Reached XP level 4. HP: 25/35 MP: 4/4
  2309 | D:2      | Found a basalt altar of Yredelemnul.
  2851 | D:3      | Reached skill level 5 in Unarmed Combat
  3299 | D:3      | Noticed Sigmund
  3518 | D:3      | Reached XP level 5. HP: 36/41 MP: 5/5
  4775 | D:4      | Found a sand-covered staircase.
  4784 | Ossuary  | Entered an ossuary
  4969 | D:4      | HP: 2/41 [orc/dagger (1)]
  4970 | D:4      | Killed from afar by an orc wizard

Skill      XL: |  1  2  3  4 |
---------------+-------------+-----
Unarmed Combat | 4 5 |  5.6
Fighting       | |  3.0
Dodging        | |  2.4
Stealth        | |  1.5

Action                   |  1- 3 |  4- 6 || total
-------------------------+-------+-------++-------
Melee: Unarmed           |   148 |   158 ||   306
  Use: Scroll            |       |     3 ||     3
 Stab: Sleeping          |     3 |     4 ||     7
       Distracted        |       |     1 ||     1
Armor: Skin              |    15 |    11 ||    26
Dodge: Dodged            |    94 |    80 ||   174
Block: Buckler           |     7 |    13 ||    20

Table legend:
 A = Turns spent in this place as a percentage of turns spent in the entire game.
 B = Non-inter-level travel turns spent in this place as a percentage of non-inter-level travel turns spent in the entire game.
 C = Inter-level travel turns spent in this place as a percentage of turns spent in this place.
 D = Turns resting spent in this place as a percentage of non-inter-level travel turns spent in this place.
 E = Turns spent auto-exploring this place as a percentage of non-inter-level travel turns spent in this place.
 F = Non-inter-level travel turns spent in this place divided by the number of levels of this place that you've seen.
                   A       B       C       D       E      F
               +-------+-------+-------+-------+-------+----------------------
         Total | 100.0 | 100.0 |   0.1 |   4.1 |   5.3 | 299.2
       Dungeon |  98.5 |  98.5 |   0.1 |   4.1 |   5.4 | 368.2
       Ossuary |   1.5 |   1.5 |   0.0 |   8.7 |   0.0 |  23.0
               +-------+-------+-------+-------+-------+----------------------

Table legend:
 A = Kills in this place as a percentage of kills in entire the game.
 B = Kills by you in this place as a percentage of kills by you in the entire game.
 C = Kills by friends in this place as a percentage of kills by friends in the entire game.
 D = Other kills in this place as a percentage of other kills in the entire game.
 E = Experience gained in this place as a percentage of experience gained in the entire game.
 F = Experience gained in this place divided by the number of levels of this place that you have seen.
                   A       B       C       D       E      F
               +-------+-------+-------+-------+-------+----------------------
         Total | 100.0 | 100.0 |  -nan |  -nan | 100.0 |  56.2
       Dungeon | 100.0 | 100.0 |  -nan |  -nan | 100.0 |  70.2
               +-------+-------+-------+-------+-------+----------------------
